 Dungeon Crawl Stone Soup version 0.19.5 (webtiles) character file.

1134 IcyNumb the Shield-Bearer (level 8, -19/48 HPs)
             Began as a Gargoyle Fighter on May 19, 2017.
             Was a Believer of Okawaru.
             Demolished by an orc warrior
             ... wielding a +0 dire flail
              (21 damage)
             ... on level 6 of the Dungeon.
             The game lasted 00:52:42 (7229 turns).

IcyNumb the Shield-Bearer (Gargoyle Fighter)        Turns: 7229, Time: 00:52:43

Health: -19/48     AC: 19    Str: 16    XL:     8   Next: 36%
Magic:  8/8        EV: 10    Int:  9    God:    Okawaru [**....]
Gold:   181        SH: 10    Dex: 11    Spells: 0 memorised, 7 levels left

rFire  . . .     SeeInvis .     O - +1 long sword (slice)
rCold  . . .     Gourm    .     E - +0 chain mail
rNeg   + . .     Faith    .     c - +0 shield
rPois  ∞         Spirit   .     z - +2 helmet
rElec  +         Reflect  .     (no cloak)
rCorr  .         Harm     +     i - +0 pair of gloves
MR     .....                    (no boots)
Stlth  ..........               K - amulet of harm
                                H - -4 ring of strength (curse)
                                M - +5 ring of evasion

@: drained
A: negative energy resistance 1, electricity resistance, unbreathing,
petrification resistance, rot immunity, AC +5
a: Heroism, Renounce Religion


You were on level 6 of the Dungeon.
You worshipped Okawaru.
Okawaru was pleased with you.
You were near starving.

You visited 2 branches of the dungeon, and saw 7 of its levels.
You also visited: Ossuary.

You collected 181 gold pieces.

Inventory:

Hand Weapons
 a - a +0 long sword
 O - a +1 long sword of slicing (weapon)
Missiles
 N - 5 tomahawks (quivered)
Armour
 b - a +0 scale mail
 c - a +0 shield (worn)
 i - a +0 pair of gloves (worn)
 z - a +2 helmet (worn)
 E - a +0 chain mail (worn)
Jewellery
 w - a +3 ring of protection
 H - a cursed -4 ring of strength (right hand)
 I - an uncursed ring of positive energy
 K - an amulet of harm (around neck)
 M - a +5 ring of evasion (left hand)
Wands
 x - a wand of random effects (13/48)
 y - a wand of digging (4/24)
 B - a wand of flame (15/48)
 C - a wand of flame (34/48)
Scrolls
 e - 6 scrolls of noise {unknown}
 g - 3 scrolls of immolation {unknown}
 k - a scroll of enchant weapon {unknown}
 o - 4 scrolls of remove curse {unknown}
 q - 2 scrolls of amnesia {unknown}
 r - 2 scrolls of identify {unknown}
 s - 3 scrolls of teleportation {unknown}
 A - a scroll of fog {unknown}
 G - 2 scrolls of magic mapping {unknown}
 J - a scroll of fear {unknown}
Potions
 d - 2 potions of might
 f - a potion of mutation {unknown}
 h - a potion of curing {unknown}
 l - 2 potions of agility {unknown}
 n - 2 potions of flight {unknown}
 p - 5 potions of heal wounds {unknown}
 u - a potion of berserk rage {unknown}
 v - 2 potions of brilliance {unknown}
 D - a potion of degeneration {unknown}
Comestibles
 j - 2 meat rations
 m - a beef jerky
 t - a fruit
 F - 2 bread rations


   Skills:
 + Level 4.6(4.5) Fighting
 + Level 5.8(5.7) Long Blades
 + Level 5.1(5.0) Armour
 + Level 1.6(1.5) Dodging
 + Level 1.4(1.3) Stealth
 + Level 6.3(6.1) Shields
 + Level 0.2(0.0) Unarmed Combat


You had 7 spell levels left.
You didn't know any spells.

Dungeon Overview and Level Annotations

Branches:
Dungeon (6/15)             Temple (1/1) D:6

Altars:
Ashenzari
Elyvilon
Fedhas
Gozag
Hepliaklqana
Makhleb
Nemelex Xobeh
Okawaru
Qazlal
Ru
Sif Muna
Trog
Uskayaw
Xom
Yredelemnul
Zin
The Shining One

Annotations:
D:5 Grujah's ghost, amateur KoAs


Innate Abilities, Weirdness & Mutations

You are resistant to torment.
Your stone body is resilient. (AC +5)
You are immune to poison.
You resist negative energy. (rN+)
You are resistant to electric shocks. (rElec)
You can survive without breathing.
You are immune to petrification.
You are immune to rotting.


Message History

Your chain mail prevents you from hitting the orc warrior.
The orc warrior is lightly wounded.
The orc warrior splashes around in the water.
Your unstable footing causes you to fumble your attack.
The orc warrior closely misses you.
Your unstable footing causes you to fumble your attack.
You block the orc warrior's attack.
You hit the orc warrior.
The orc warrior is lightly wounded.
The orc warrior hits you with a dire flail!
* * * LOW HITPOINT WARNING * * *
Your unstable footing causes you to fumble your attack.
You block the orc warrior's attack.
You hit the orc warrior.
The orc warrior is moderately wounded.
The orc warrior closely misses you.
Your chain mail prevents you from hitting the orc warrior.
The orc warrior is moderately wounded.
The orc warrior hits you with a dire flail!!
You die...

.8.8.8....#####...........#.⌠)###
..........# ########.#...#.#.##
##.......^# #######......####.#
#........# #........####.##.⌠.
#........# #........).....##.#
#........# #........######..#.
########## ########.# #......
######..# #...... ##@≈..'..#
#...... ######o#####..####....≈≈
#...≈J##≈;≈##.........≈#
#≈######≈≈;≈≈######....## #;
#.).:≈# ######⌠ #≈ #%P≈P)# #...##
# #PP...# #.###⌠ #.....# #.# ##
#.####


You could see an orc warrior, an electric eel and an ooze.

Vanquished Creatures
  An ice beast (D:6)
  An ogre (D:4)
  A scorpion (D:6)
  2 electric eels (D:6)
  A quasit (D:6)
  2 hounds
  A jelly (D:5)
  A centaur skeleton (D:6)
  2 orc priests
  2 bullfrog skeletons
  3 iguanas
  Natasha (thrice) (D:3)
  2 orc wizards (D:4)
  2 worker ants
  6 big kobold zombies (Ossuary)
  A hound skeleton (D:6)
  A mummy (Ossuary)
  3 gnolls (D:6)
  6 adders
  A shadow imp (D:5)
  4 worms
  2 dart slugs
  8 leopard geckos
  12 orcs
  4 spectral bats (Ossuary)
  2 ball pythons
  8 bats
  4 giant cockroaches
  7 goblins
  7 hobgoblins
  2 jackals (D:2)
  5 kobolds
  4 quokkas
  4 bat simulacra (Ossuary)
  2 frilled lizards
  5 gnoll zombies (Ossuary)
  3 goblin simulacra (Ossuary)
  6 goblin zombies (Ossuary)
  2 hobgoblin zombies (Ossuary)
  A jackal skeleton (D:6)
  4 kobold simulacra (Ossuary)
  A kobold skeleton (D:6)
  6 kobold zombies (Ossuary)
  A leopard gecko skeleton (D:4)
  3 orc zombies (Ossuary)
  A quokka zombie (D:5)
  4 rats
  2 rat simulacra (Ossuary)
  4 spectral goblins (Ossuary)
  A spectral kobold (Ossuary)
  4 spectral rats (Ossuary)
165 creatures vanquished.

Vanquished Creatures (others)
  A leopard gecko (D:6)
  A gnoll zombie (Ossuary)
  A goblin zombie (Ossuary)
3 creatures vanquished.

Grand Total: 168 creatures vanquished

Notes
Turn   | Place    | Note
-------+----------+-------------------------------------------
     0 | D:1      | IcyNumb the Gargoyle Fighter began the quest for the Orb.
     0 | D:1      | Reached XP level 1. HP: 14/14 MP: 1/1
   143 | D:1      | Reached XP level 2. HP: 19/19 MP: 2/2
   228 | D:1      | Found a shattered altar of Ashenzari.
   775 | D:1      | Reached XP level 3. HP: 23/23 MP: 3/3
   900 | D:2      | Reached skill level 4 in Shields
  1517 | D:2      | Found a sparkling altar of Nemelex Xobeh.
  1524 | D:2      | Became a worshipper of Nemelex Xobeh the Trickster
  1537 | D:2      | Reached XP level 4. HP: 28/28 MP: 4/4
  2000 | D:3      | Noticed Natasha
  2024 | D:3      | Killed Natasha
  2272 | D:3      | Found a shimmering altar of Xom.
  2273 | D:3      | Found a hazy altar of Hepliaklqana.
  2273 | D:3      | Noticed an earth elemental
  2274 | D:3      | Noticed an earth elemental
  2274 | D:3      | Noticed a spectral ugly thing
  2385 | D:3      | Reached XP level 5. HP: 24/33 MP: 5/5
  2521 | D:3      | Noticed Natasha
  2569 | D:3      | Killed Natasha
  2666 | D:3      | Noticed Natasha
  2675 | D:3      | Killed Natasha
  2861 | D:3      | Found an iron altar of Okawaru.
  2871 | D:3      | Fell from the grace of Nemelex Xobeh
  2871 | D:3      | Became a worshipper of Warmaster Okawaru
  3022 | D:4      | Found a glowing silver altar of Zin.
  3022 | D:4      | Noticed an angel
  3131 | D:4      | Reached skill level 1 in Stealth
  3143 | D:4      | Reached XP level 6. HP: 38/38 MP: 6/6
  3276 | D:4      | Found a sand-covered staircase.
  3286 | Ossuary  | Entered an ossuary
  4007 | D:4      | Reached * piety under Okawaru
  4193 | D:4      | Reached skill level 1 in Dodging
  4193 | D:4      | Reached skill level 5 in Shields
  4193 | D:4      | Reached XP level 7. HP: 42/43 MP: 7/7
  4538 | D:4      | Reached skill level 5 in Long Blades
  4764 | D:5      | Entered Level 5 of the Dungeon
  5114 | D:5      | Found a glowing golden altar of the Shining One.
  5230 | D:5      | Noticed Grujah's ghost (amateur KoAs)
  5381 | D:6      | Reached XP level 8. HP: 23/48 MP: 8/8
  5561 | D:6      | Got a pitted flail
  5694 | D:6      | Found a hide-covered altar of Uskayaw.
  5921 | D:6      | Reached ** piety under Okawaru
  5921 | D:6      | Reached skill level 6 in Shields
  6109 | D:6      | Reached skill level 5 in Armour
  6765 | D:6      | Found an iron altar of Okawaru.
  6775 | D:6      | Found a staircase to the Ecumenical Temple.
  6816 | Temple   | Entered the Ecumenical Temple
  7171 | D:6      | Found a bloodstained altar of Trog.
  7226 | D:6      | HP: 1/48 [orc warrior/dire flail (12)]
  7229 | D:6      | Demolished by an orc warrior

Skill      XL: |  1  2  3  4  5  6  7  8 |
---------------+-------------------------+-----
Long Blades    | 2 3 4 5 |  5.8
Shields        | 4 5 6 |  6.3
Armour         | 4 5 |  5.1
Stealth        | 1 |  1.4
Fighting       | 4 |  4.6
Dodging        | 1 |  1.6
Unarmed Combat | |  0.2

Action                   |  1- 3 |  4- 6 |  7- 9 || total
-------------------------+-------+-------+-------++-------
Melee: Long sword        |   102 |   430 |   325 ||   857
       Unarmed           |       |       |    17 ||    17
  Eat: Chunk             |     2 |     5 |     7 ||    14
       Bread ration      |       |     1 |       ||     1
       Royal jelly       |       |       |     1 ||     1
       Fruit             |       |       |     1 ||     1
       Pizza             |       |       |     1 ||     1
Armor: Scale mail        |    44 |   215 |     8 ||   267
       Chain mail        |       |       |   222 ||   222
Dodge: Dodged            |    35 |    92 |   119 ||   246
Block: Shield            |    47 |   181 |   183 ||   411
       Rpst.: Long sword |    11 |    20 |    32 ||    63
